 Dungeon Crawl Stone Soup version 0.31-a0-177-g4aa6249778 (webtiles) character file.

Game seed: 11224289811489882467

4 Moral the Insei (level 1, 0/13 HPs)
             Began as an Octopode Transmuter on June 18, 2023.
             Slain by a quokka (5 damage)
             ... on level 1 of the Dungeon.
             The game lasted 00:00:34 (84 turns).

Moral the Insei (Octopode Transmuter)                 Turns: 84, Time: 00:00:34

Health: 0/13       AC:  1    Str:  9    XL:     1   Next: 70%
Magic:  2/3        EV: 13    Int: 15    God:
Gold:   19         SH:  0    Dex: 12    Spells: 3/4 levels left

rFire   . .          .
                       - Unarmed
rCold   . . .        (no shield)
rNeg    . . .        (helmet currently unavailable)
rPois   .            (no amulet)
rElec   .            (no ring)
rCorr   .            (no ring)
SInv    .            (no ring)
Will    .....        (no ring)
Stlth   ++           (no ring)
HPRegen 0.22/turn    (no ring)
MPRegen 0.08/turn    (no ring)
                     (no ring)

%: no passive effects
@: appendages (expiring)
A: tentacle spike 3, almost no armour, amphibious, 8 rings, camouflage 1,
gelatinous body 1, (nimble swimmer 1), tentacles
a: End Transformation


You were on level 1 of the Dungeon.
One of your tentacles had grown a beastly spike.
You visited 1 branch of the dungeon, and saw 1 of its levels.

You collected 19 gold pieces.

Inventory:

Scrolls
 b - a scroll of revelation {unknown}
Potions
 a - a potion of lignification


   Skills:
 - Level 1.0 Fighting
 - Level 2.0 Dodging
 - Level 3.0 Unarmed Combat
 + Level 2.1 Spellcasting
 * Level 2.3 Transmutations


You had 3 spell levels left.
You knew the following spells:

 Your Spells              Type           Power      Damage    Failure   Level
a - Beastly Appendage     Tmut           16%        N/A       9%          1

Your spell library contained the following spells:

 Spells                   Type           Power      Damage    Failure   Level
 Wereblood                Tmut           8%         N/A       13%         2
 Apportation              Tloc           2%         N/A       22%         1
 Spider Form              Tmut/Pois      5%         N/A       38%         3
 Ice Form                 Ice/Tmut       5%         N/A       80%         4
 Alistair's Intoxication  Tmut/Pois      3%         N/A       98%         5


Dungeon Overview and Level Annotations

Branches:
Dungeon (1/15)

Altars:


Innate Abilities, Weirdness & Mutations

One of your tentacles has grown a beastly spike.
You cannot wear most types of armour.
You are amphibious.
You can wear up to eight rings at the same time.
Your skin changes colour to match your surroundings (Stealth+).
Your rubbery body absorbs attacks. (AC +1, EV +1)
((You are camouflaged when in or above water. (Stealth+)))
You have tentacles for arms and can constrict up to eight enemies at once.


Message History

Your transformation is almost over.
You see here 14 gold pieces.
You now have 19 gold pieces (gained 14).
Your tentacle spike disappears.
b - a scroll labelled UGUT HIMIXKA NEA
There are no items here.
A goblin comes into view. It is wielding a +0 dagger.
Found 9 gold pieces.
A kobold comes into view. It is wielding a +0 dagger.
Casting: Beastly Appendage (safe; 9% risk of failure)
Confirm with . or Enter, or press ? or * to list all spells.
One of your tentacles grows a vicious spike.
Found 7 gold pieces.
The goblin shouts! x2; The kobold shouts!
The kobold throws a stone.
The stone misses you.
You barely miss the goblin. Your grab misses the goblin.
The goblin closely misses you.
A quokka comes into view.
You barely miss the goblin. You grab the goblin. You constrict the goblin.
The goblin barely misses you. The goblin misses you.
The kobold hits you with a +0 dagger.
You tentacle-slap the goblin. You squeeze the goblin.
You kill the goblin!
The goblin barely misses you. The kobold barely misses you.
You tentacle-slap the kobold but do no damage.
You grab the kobold.
Your transformation is almost over.
You constrict the kobold. The quokka barely misses you.
The goblin barely misses you.
The frilled lizard bites you but does no damage.
The kobold barely misses you.
You tentacle-slap the kobold. You squeeze the kobold.
You kill the kobold!
The quokka bites you. The frilled lizard bites you.
The goblin barely misses you. The quokka bites you.
Unknown command.
You tentacle-slap the frilled lizard.
You kill the frilled lizard!
The goblin closely misses you. The quokka bites you.
You die...

.... ### #.. ... #.#
###.# .. ....$#...
###.### ##.#.###.#
...).## #))g...#..
#....# # ###@# #.#.####
#..). #.
#.r.###......###)...
#..#.###.###...........
#......................
#..####..######....(.##
##. #..## #........## #
...## #........## ##.#
#....#.##.... #.
#.#.##.##.###


You could see a quokka and a goblin.

Vanquished Creatures
  2 goblins (D:1)
  2 frilled lizards (D:1)
  2 kobolds (D:1)
6 creatures vanquished.

Notes
Turn   | Place    | Note
-------+----------+-------------------------------------------
     0 | D:1      | Moral the Octopode Transmuter began the quest for the Orb.
     0 | D:1      | Reached XP level 1. HP: 13/13 MP: 3/3
    84 | D:1      | Slain by a quokka

Illustrated notes

Levels and vault maps discovered:
D:1:      saegor_arrival_under_anarchy, layout_basic, corner_web_ring,
          minmay_indecisive_spiral

Action                     || total
---------------------------++-------
  Melee: Unarmed           ||    11
         Constrict         ||     4
         Tentacles         ||     3
         Kick              ||     1
   Cast: Beastly Appendage ||     3
 Armour: Skin              ||     1
  Dodge: Dodged            ||    13

Table legend: (Time is in decaauts)
 A = Elapsed time spent in this place.
 B = Non-inter-level travel time spent in this place.
 C = Inter-level travel time spent in this place.
 D = Time resting spent in this place.
 E = Time spent auto-exploring this place.
 F = Levels seen in this place.
 G = Mean time per level.
                   A        B        C        D        E       F      G
               +--------+--------+--------+--------+--------+-----+--------+
         Total |     83 |     83 |      0 |      0 |     28 |   1 |   83.0 |
       Dungeon |     83 |     83 |      0 |      0 |     28 |   1 |   83.0 |
               +--------+--------+--------+--------+--------+-----+--------+

Top non-repeatable levels by time:
     D:1: 83 daAuts
